 Dungeon Crawl Stone Soup version 0.27-a0-75-g9f9dfd16e9 (webtiles) character file.

Game seed: 14338230003500159971

154 JackS81 the Skirmisher (level 5, 0/42 HPs)
             Began as a Demonspawn Abyssal Knight on Jan 12, 2021.
             Was a Believer of Lugonu.
             Slain by Sigmund
             ... wielding a +0 scythe
              (4 damage)
             ... on level 3 of the Dungeon.
             The game lasted 00:10:27 (2474 turns).

JackS81 the Skirmisher (Demonspawn Abyssal Knight)  Turns: 2474, Time: 00:10:27

Health: 0/42       AC:  4    Str:  9 (12) XL:     5   Next: 13%
Magic:  0/6        EV: 16    Int: 18 (20) God:    Lugonu [**....]
Gold:   152        SH:  0    Dex: 12 (13) Spells: 4/4 levels left

rFire    . . .     SeeInvis .   a - +2 hand axe
rCold    + . .     Faith    .   (no shield)
rNeg     . . .     Spirit   +   b - +0 leather armour
rPois    .         Reflect  .   (no helmet)
rElec    .         Harm     .   (no cloak)
rCorr    .         Rampage  .   u - +0 pair of gloves
Will     .....                  (no boots)
Stlth    +.........             w - amulet of guardian spirit
HPRegen  0.14/turn              n - +4 ring of evasion
MPRegen  0.10/turn              i - +6 ring of intelligence

@: no status effects
A: cold resistance 1, spiny 1, freezing cloud immunity
a: Renounce Religion, Depart the Abyss, Bend Space


You were on level 3 of the Dungeon.
You worshipped Lugonu.
Lugonu was pleased with you.
You visited 1 branch of the dungeon, and saw 3 of its levels.
You visited the Abyss 1 time.

You collected 152 gold pieces.

Inventory:

Hand Weapons
 a - a +2 hand axe (weapon)
 l - a +0 hunting sling
Missiles
 k - 74 stones (quivered)
Armour
 b - a +0 leather armour (worn)
 h - a +0 tower shield
 u - a +0 pair of gloves (worn)
Jewellery
 i - a +6 ring of intelligence (right hand)
 n - a +4 ring of evasion (left hand)
 v - an uncursed ring of teleportation
 w - an amulet of guardian spirit (around neck)
Scrolls
 c - 2 scrolls of teleportation
 d - a scroll of noise {unknown}
 e - 2 scrolls of enchant armour {unknown}
 g - a scroll of enchant weapon
 j - a scroll of fear {unknown}
 o - a scroll of remove curse
 q - a scroll of identify {unknown}
 s - a scroll of immolation {unknown}
 t - a scroll of magic mapping {unknown}


   Skills:
 + Level 3.8 Fighting
 * Level 3.5 Axes
 + Level 2.2 Armour
 + Level 2.0 Dodging
 + Level 2.6 Invocations


You had 4 spell levels left.
You didn't know any spells.
Your spell library was empty.

Dungeon Overview and Level Annotations

Branches:
Dungeon (3/15)

Altars:

Annotations:
D:3 Sigmund


Innate Abilities, Weirdness & Mutations

Your flesh is cold resistant. (rC+)
You are partially covered in sharp spines.
You are immune to freezing clouds.


Message History

Sigmund casts a spell at you. The magic dart hits you!
* * * LOW HITPOINT WARNING * * *
It was a potion of cancellation.
Your magical effects are unravelling.
You feel magically purged. Sigmund hits you with a +0 scythe.
* * * LOW HITPOINT WARNING * * *
You feel less attractive to monsters. Space bends around you!
You blink.
Sigmund gestures at you while chanting.
You are confused.
You bump into the rock wall.
You are too confused!
Sigmund hits you from afar with a +0 scythe!
* * * LOW HITPOINT WARNING * * *
You bump into the rock wall.
You're too confused to move!
You feel less confused.
Sigmund hits you from afar with a +0 scythe.
You die...

#................ .
#...[........... .#
#.............. .#
#..##.###.... ###†.#.....# ###
#..)......[# ###
#........#####.@.##...#
#.############......#..#.....#
..## #......@..###........#
...# ##.####..#.# #......$..
...# ##..# #......#.........
...# ###..## .......#.........
...###...## .###.>............
...#...### .. ....#.........
..##.### #. ....#<........
...#.# #. ....#.........
.....# #.........


You could see Sigmund.

Vanquished Creatures
  Robin (D:2)
  A howler monkey skeleton (D:3)
  5 adders
  An ooze (D:1)
  An adder skeleton (D:3)
  A dart slug (D:2)
  A leopard gecko (D:3)
  5 orcs (D:3)
  5 giant cockroaches
  14 goblins
  10 hobgoblins
  4 jackals
  A quokka (D:3)
  8 bats
  2 frilled lizards
  A jackal skeleton (D:2)
  6 kobolds
  6 rats
73 creatures vanquished.

Notes
Turn   | Place    | Note
-------+----------+-------------------------------------------
     0 | Abyss:1  | JackS81 the Demonspawn Abyssal Knight began the quest for
                  | the Orb.
     0 | Abyss:1  | Reached XP level 1. HP: 18/18 MP: 2/2
     0 | D:1      | Escaped the Abyss
   116 | D:1      | Reached skill level 1 in Dodging
   124 | D:1      | Reached * piety under Lugonu
   125 | D:1      | Gained mutation: You are partially covered in sharp spines.
                  | [demonic ancestry]
   125 | D:1      | Reached XP level 2. HP: 19/24 MP: 3/3
   797 | D:1      | You fall into a shaft and drop 1 floor!
  1047 | D:1      | Reached XP level 3. HP: 29/29 MP: 4/4
  1595 | D:2      | Noticed Robin
  1613 | D:2      | Gained mutation: Your flesh is cold resistant. (rC+)
                  | [demonic ancestry]
  1613 | D:2      | Reached XP level 4. HP: 27/36 MP: 5/5
  1622 | D:2      | Killed Robin
  1627 | D:2      | Reached ** piety under Lugonu
  2113 | D:3      | Noticed Sigmund
  2211 | D:3      | Gained mutation: You are immune to freezing clouds.
                  | [demonic ancestry]
  2211 | D:3      | Reached XP level 5. HP: 37/42 MP: 4/6
  2474 | D:3      | Slain by Sigmund

Illustrated notes

Levels and vault maps discovered:
D:1:      erik_arrival_cave_to_civilisation [erik_arrival_cave_to_hall],
          layout_rooms
D:2:      layout_rooms, grunt_decor_cap, uniq_robin
D:3:      layout_rooms, kennysheep_donut, uniq_crazy_yiuf_cottage, uniq_sigmund

Skill      XL: |  1  2  3  4  5 |
---------------+----------------+-----
Dodging        | 1 2 |  2.0
Axes           | 2 3 |  3.5
Armour         | 2 |  2.2
Fighting       | |  3.8
Invocations    | |  2.6

Action                   |  1- 3 |  4- 6 || total
-------------------------+-------+-------++-------
Melee: Hand axe          |    92 |    72 ||   164
Throw: Stone             |       |    21 ||    21
Invok: Depart the Abyss  |     1 |       ||     1
       Bend Space        |       |     1 ||     1
  Use: Scroll            |       |     3 ||     3
       Potion            |       |     4 ||     4
Armor: Leather armour    |    29 |    11 ||    40
Dodge: Dodged            |    63 |    67 ||   130

Table legend: (Time is in decaauts)
 A = Elapsed time spent in this place.
 B = Non-inter-level travel time spent in this place.
 C = Inter-level travel time spent in this place.
 D = Time resting spent in this place.
 E = Time spent auto-exploring this place.
 F = Levels seen in this place.
 G = Mean time per level.
                   A        B        C        D        E       F      G
               +--------+--------+--------+--------+--------+-----+--------+
         Total |   2501 |   2454 |     47 |     94 |   1750 |   4 |  625.2 |
       Dungeon |   2501 |   2454 |     47 |     94 |   1750 |   3 |  833.7 |
         Abyss |      0 |      0 |      0 |      0 |      0 |   1 |    0.0 |
               +--------+--------+--------+--------+--------+-----+--------+

Top non-repeatable levels by time:
     D:1: 1053 daAuts
     D:2: 957 daAuts
     D:3: 490 daAuts
